Map: Ley Lines

Players

FuRePrUiT - Winner!

  • Race: Protoss Protoss
  • Spawn Location: 7:00

A.I. 2 (Very Easy)

  • Race: Zerg Zerg
  • Spawn Location: 1:00

VOD

Have the link to the VOD?

Description

Time

  • Played on: Aug. 19, 2025, 2:57 p.m.
  • Length: 8:51
Show
View Real Time Build Order
Export as new Build Order

FuRePrUiT Protoss - Winner!

Build Orders: 1 Gate Expand, Oracle Opening, Zealot Archon 

Get SALT Encoding   

  12  0:00  Probe  
  13  0:12  Probe  
  14  0:19  Pylon  
  14  0:24  Probe  
  15  0:35  Probe  
  15  0:38  Gateway  
  16  0:43  Probe  
  16  0:46  Assimilator  
  17  0:51  Probe  
  18  1:04  Probe  
  19  1:16  Probe  
  20  1:24  Nexus  
  20  1:32  Probe  
  21  1:37  Cybernetics Core  
  21  1:44  Probe  
  22  1:48  Assimilator  
  22  1:51  Pylon  
  22  1:56  Probe  
  23  2:09  Probe, Adept  
  23  2:15  Stargate  
  24  2:22  Probe  
  27  2:26  Warp Gate  
  27  2:34  Probe  
  27  2:36  Probe  
  29  2:43  Adept  
  31  2:46  Probe  
  31  2:49  Probe, Oracle  
  33  2:57  Gateway  
  33  3:01  Probe  
  33  3:04  Probe  
  38  3:13  Probe  
  38  3:16  Probe  
  40  3:25  Probe  
  41  3:28  Probe  
  41  3:33  Shield Battery  
  41  3:34  Adept  
  44  3:38  Probe  
  44  3:40  Probe  
  44  3:41  Pylon  
  46  3:57  Probe x2  
  46  3:59  Oracle  
  51  4:03  Nexus, Pylon  
  51  4:05  Probe x2  
  53  4:13  Probe  
  53  4:18  Twilight Council  
  53  4:19  Forge, Probe  
  53  4:22  Assimilator  
  55  4:26  Pylon  
  55  4:27  Assimilator, Probe  
  55  4:31  Probe  
  57  4:35  Pylon  
  57  4:39  Probe  
  57  4:42  Probe  
  59  4:47  Probe  
  59  4:50  Probe  
  60  4:55  Probe, Protoss Ground Weapons Level 1  
  60  4:58  Probe, Charge  
  62  5:03  Templar Archives  
  62  5:05  Probe  
  62  5:06  Robotics Facility  
  63  5:08  Probe  
  63  5:14  Probe  
  65  5:16  Probe x2  
  68  5:22  Probe  
  68  5:24  Probe  
  68  5:27  Gateway  
  68  5:28  Probe, Gateway  
  69  5:32  Probe  
  72  5:35  Gateway  
  72  5:36  Probe  
  72  5:37  Gateway  
  72  5:41  Probe  
  74  5:44  Assimilator, Probe  
  74  5:48  Probe  
  76  5:51  Assimilator  
  76  5:52  Gateway  
  76  5:53  Probe, Gateway  
  77  5:57  Immortal  
  77  6:00  Probe, Gateway  
  77  6:01  Probe  
  77  6:02  Gateway  
  84  6:13  Pylon  
  84  6:15  Pylon  
  83  6:19  Pylon  
  83  6:20  Pylon  
  83  6:24  High Templar x4  
  91  6:27  Immortal  
  91  6:28  Archon x2  
  91  6:32  Pylon  
  91  6:33  High Templar x2  
  91  6:37  Archon  
  95  6:46  Probe x2  
  101  6:50  Pylon  
  101  6:51  Zealot x2, Pylon  
  105  6:54  Warp Prism  
  105  6:57  Zealot x3, High Templar x2  
  105  6:59  Zealot  
  117  7:02  Archon  
  117  7:07  Zealot x2  
  123  7:17  Zealot x5  
  123  7:20  Zealot  
  135  7:23  Probe  
  135  7:26  Pylon  
  135  7:27  Pylon  
  136  7:30  High Templar x3  
  136  7:32  High Templar  
  136  7:36  Archon x2  
  144  7:37  Pylon  
  144  7:41  Pylon  
  144  7:47  Immortal  
  144  7:50  Nexus  
  144  7:51  Pylon  
  148  8:02  Zealot x5  
  158  8:06  Zealot x2  
  158  8:10  Probe x2  
  164  8:18  Zealot x3  
  170  8:31  Zealot x5  
Show
View Real Time Build Order
Export as new Build Order

A.I. 2 (Very Easy) Zerg 

Build Orders: Pool First 

Get SALT Encoding   

  12  0:01  Drone  
  13  0:13  Overlord  
  13  0:16  Drone  
  14  0:35  Spawning Pool  
  13  0:37  Extractor  
  13  0:40  Drone  
  13  0:47  Drone  
  14  0:53  Overlord  
  14  1:22  Zergling x2  
  14  1:23  Queen  
  17  1:34  Roach Warren  
  17  1:37  Drone  
  17  1:42  Extractor  
  17  1:46  Drone  
  17  1:51  Zergling x2  
  18  2:03  Drone  
  19  2:11  Drone  
  20  2:19  Zergling x2  
  20  2:20  Drone  
  22  2:30  Overlord  
  22  2:32  Drone  
  23  2:39  Drone  
  24  2:46  Drone  
  24  2:48  Roach  
  27  7:30  Drone  
  27  7:31  Lair, Roach  
  27  7:32  Overlord  
  30  7:37  Drone  
  30  7:40  Hatchery  
  30  7:45  Drone  
  30  7:52  Drone  
  27  8:10  Roach  
  23  8:27  Drone  
Tags
 
Add a new tag
Caveats
  • Supply blocks, unpowered buildings, or Contaminate may cause inaccurate times.
  • Supply counts are checked every 10 seconds.